 Dungeon Crawl Stone Soup version 0.29-a0-997-gf6f7e2dfe7 (webtiles) character file.

Game seed: 5622655070202637469

5747 xian the Magician (level 10, -5/76 HPs)
             Began as a Gnoll Air Elementalist on Aug 4, 2022.
             Was a Believer of Qazlal.
             Slain by Grum
             ... wielding a +1 spear
              (12 damage)
             ... on level 8 of the Dungeon on Aug 5, 2022.
             The game lasted 00:24:06 (7667 turns).

xian the Magician (Gnoll Air Elementalist)          Turns: 7667, Time: 00:24:07

Health: -5/76      AC:  9    Str: 10    XL:     10   Next: 77%
Magic:  21/21      EV: 14    Int: 16    God:    Qazlal [**....]
Gold:   412        SH: 14    Dex: 19    Spells: 14/24 levels left

rFire   + + .      SeeInvis +   w - +5 hand axe of the Ghost {spect, rElec rN+ SInv}
rCold   + . .      Faith    .   c - +0 kite shield
rNeg    + . .      Spirit   .   i - +1 leather armour {rF+}
rPois   .          Reflect  .   (no helmet)
rElec   +          Harm     .   j - +0 cloak "Pouts" {rElec rF+ rC+ Regen+}
rCorr   .          Rampage  .   e - +2 pair of gloves
Will    .....                   (no boots)
Stlth   +++.......              (no amulet)
HPRegen 1.02/turn               E - +6 ring of dexterity
MPRegen 0.17/turn               (no ring)

@: mighty, studying Staves
A: fangs 1, strong nose, distributed training
a: Renounce Religion, Upheaval


You were on level 8 of the Dungeon.
You worshipped Qazlal.
Qazlal was pleased with you.
You visited 2 branches of the dungeon, and saw 9 of its levels.

You collected 472 gold pieces.
You spent 60 gold pieces at shops.

Inventory:

Hand Weapons
 w - the +5 hand axe of the Ghost (weapon) {spect, rElec rN+ SInv}
   (You found it on level 2 of the Dungeon)

   When its wielder attacks, the weapon's spirit leaps out and strikes again.
   The spirit shares a part of any damage it takes with its wielder.
   rElec:     It insulates you from electricity.
   rN:        It protects you from negative energy.
   SInv:      It lets you see invisible.
 D - the +5 flail of Action {vorpal, rC+ Str+3}
   (You found it on level 7 of the Dungeon)

   It inflicts extra damage upon your enemies.
   Str:       It affects your strength (+3).
   rC:        It protects you from cold.
Missiles
 g - a throwing net
Armour
 c - a +0 kite shield (worn)
 e - a +2 pair of gloves (worn)
 i - a +1 leather armour of fire resistance (worn)
 j - the +0 cloak "Pouts" (worn) {rElec rF+ rC+ Regen+}
   (You found it on level 6 of the Dungeon)

   rF:        It protects you from fire.
   rC:        It protects you from cold.
   rElec:     It insulates you from electricity.
   Regen:     It increases your rate of health regeneration.
 y - the +5 ring mail "Vaesmy" {rN+ Int+3 Dex+4}
   (You found it on level 5 of the Dungeon)

   Int:       It affects your intelligence (+3).
   Dex:       It affects your dexterity (+4).
   rN:        It protects you from negative energy.
Jewellery
 E - a +6 ring of dexterity (left hand)
Wands
 a - a wand of polymorph (19)
 m - a wand of acid (21)
 x - a wand of flame (8)
 C - a wand of mindburst (12)
Scrolls
 f - 2 scrolls of fear
 l - 2 scrolls of magic mapping
 n - 2 scrolls of immolation
 p - a scroll of blinking
 t - a scroll of butterflies
 u - a scroll of teleportation
 A - a scroll of amnesia
 F - a scroll of vulnerability {unknown}
Potions
 b - 5 potions of magic
 d - a potion of degeneration {unknown}
 h - 2 potions of might
 k - a potion of ambrosia {unknown}
 o - 2 potions of berserk rage {unknown}
 q - 4 potions of curing
 r - a potion of cancellation {unknown}
 s - 2 potions of flight {unknown}
 v - 5 potions of lignification
 z - a potion of mutation {unknown}
 B - 2 potions of brilliance {unknown}


   Skills:
 + Level 5.8 Fighting
 + Level 5.8 Short Blades
 + Level 5.8 Long Blades
 + Level 5.8 Axes
 + Level 5.8 Maces & Flails
 + Level 5.8 Polearms
 + Level 7.0 Staves
 + Level 5.8 Ranged Weapons
 + Level 5.8 Throwing
 + Level 5.8 Armour
 + Level 7.5 Dodging
 + Level 7.2 Stealth
 + Level 5.8 Shields
 + Level 5.8 Unarmed Combat
 + Level 7.7 Spellcasting
 + Level 5.3 Conjurations
 + Level 4.8 Hexes
 + Level 4.8 Summonings
 + Level 4.8 Necromancy
 + Level 4.8 Translocations
 + Level 4.8 Transmutations
 + Level 4.8 Fire Magic
 + Level 4.8 Ice Magic
 + Level 7.3 Air Magic
 + Level 4.8 Earth Magic
 + Level 4.8 Poison Magic
 + Level 6.3 Invocations
 + Level 5.8 Evocations


You had 14 spell levels left.
You knew the following spells:

 Your Spells              Type           Power      Damage    Failure   Level
a - Shock                 Conj/Air       100%       1d9       3%          1
b - Static Discharge      Conj/Air       26%        3-7/arc   4%          2
c - Swiftness             Air            29%        N/A       6%          3
d - Airstrike             Air            14%        2d(3-19)  19%         4

Your spell library contained the following spells:

 Spells                   Type           Power      Damage    Failure   Level
 Beastly Appendage        Tmut           42%        N/A       5%          1
 Wereblood                Tmut           21%        N/A       9%          2
 Spider Form              Tmut/Pois      21%        N/A       17%         3


Dungeon Overview and Level Annotations

Branches:
Dungeon (8/15)             Temple (1/1) D:4            Lair (0/5) D:8

Altars:
Ashenzari
Cheibriados
Dithmenos
Elyvilon
Fedhas
Hepliaklqana
Kikubaaqudgha
Makhleb
Nemelex Xobeh
Okawaru
Qazlal
Ru
Sif Muna
Trog
Uskayaw
Vehumet
Wu Jian
Xom
Yredelemnul
Zin
The Shining One

Shops:
D:6 *

Annotations:
D:8 Grum


Innate Abilities, Weirdness & Mutations

You have very sharp teeth.
Your uncanny sense of smell can sniff out nearby items.
Your experience applies equally to all skills.


Message History

You kill the wolf!
Qazlal accepts your kill. The wolf completely misses you.
You block Grum's attack.
Your Staves skill increases to level 7!
You hit the wolf but do no damage. You bite the wolf.
The wolf is lightly wounded.
The wolf barely misses you. You block Grum's attack.
The wolf bites you but does no damage.
You hit the wolf. Your bite misses the wolf.
The wolf is moderately wounded.
You block the wolf's attack.
Grum hits you from afar with a +1 spear!!
You block the wolf's attack.
Grum hits you from afar with a +1 spear!
The wolf closely misses you. The wolf attacks as you move away!
You block the wolf's attack.
It was a potion of might.
You feel very mighty all of a sudden. You block the wolf's attack.
The wolf bites you!
* * * LOW HITPOINT WARNING * * *
You block Grum's attack.
You miss the wolf.
The wolf is moderately wounded.
The wolf bites you but does no damage. You block the wolf's attack.
You block Grum's attack.
You miss the wolf.
The wolf is moderately wounded.
The wolf bites you but does no damage. You block Grum's attack.
You block the wolf's attack.
You slash the wolf!
The wolf is almost dead.
You block the wolf's attack. You block Grum's attack. The wolf bites you!
* * * LOW HITPOINT WARNING * * *
You slash the wolf!
You kill the wolf!
Qazlal accepts your kill.
Grum hits you from afar with a +1 spear!
* * * LOW HITPOINT WARNING * * *
Grum hits you with a +1 spear!
You die...

#### ∆ ##..#
##...## ##..#..#
##...##.##
##))#..#..# ∆ ##
#.)†##.##.###..#
#..#..#.)#..@g..#
##############.##
.. ... ?.# ##


You could see Grum.

Vanquished Creatures
  A two-headed ogre (D:6)
  Pikel (D:7)
  A cyclops (D:7)
  Grinder (D:5)
  Sigmund (D:5)
  2 wyverns (D:8)
  A steam dragon (D:8)
  Menkaure (D:5)
  Edmund (D:5)
  An acid dragon (D:6)
  A water moccasin (D:8)
  An ice beast (D:8)
  A sky beast (D:7)
  2 black bears (D:6)
  2 orc warriors (D:8)
  2 wolves (D:8)
  An ogre (D:6)
  A phantom (D:5)
  2 centaurs
  2 kobold brigands
  2 lemures (D:7)
  2 bullfrogs
  A gnoll sergeant (D:6)
  5 scorpions
  10 wights
  A killer bee (D:8)
  2 electric eels (D:7)
  A crimson imp (D:7)
  5 hounds
  Crazy Yiuf (D:7)
  An orc priest (D:8)
  2 gnoll boudas (D:6)
  A jelly (D:7)
  4 orc wizards
  19 gnolls
  7 adders
  A shadow imp (D:7)
  An ufetubus (D:7)
  A worm (D:3)
  3 dart slugs
  23 orcs
  8 ball pythons
  3 bats
  6 endoplasms
  A giant cockroach (D:2)
  16 goblins
  11 hobgoblins
  7 jackals
  14 kobolds
  4 quokkas
  2 frilled lizards
  2 rats
193 creatures vanquished.

Vanquished Creatures (others)
  4 fungi
  3 plants (D:8)
7 creatures vanquished.

Grand Total: 200 creatures vanquished

Notes
Turn   | Place    | Note
-------+----------+-------------------------------------------
     0 | D:1      | xian the Gnoll Air Elementalist began the quest for the
                  | Orb.
     0 | D:1      | Reached XP level 1. HP: 13/13 MP: 6/6
   195 | D:1      | Reached XP level 2. HP: 19/19 MP: 5/7
   806 | D:1      | Reached skill level 5 in Spellcasting
   806 | D:1      | Reached XP level 3. HP: 25/25 MP: 5/9
  1161 | D:1      | Reached skill level 1 in Invocations
  1269 | D:2      | Learned a level 2 spell: Static Discharge
  1460 | D:2      | Reached skill level 1 in Fighting
  1460 | D:2      | Reached skill level 1 in Short Blades
  1460 | D:2      | Reached skill level 1 in Long Blades
  1460 | D:2      | Reached skill level 1 in Axes
  1460 | D:2      | Reached skill level 1 in Maces & Flails
  1460 | D:2      | Reached skill level 1 in Polearms
  1460 | D:2      | Reached skill level 1 in Staves
  1460 | D:2      | Reached skill level 1 in Ranged Weapons
  1460 | D:2      | Reached skill level 1 in Throwing
  1460 | D:2      | Reached skill level 1 in Armour
  1460 | D:2      | Reached skill level 1 in Shields
  1460 | D:2      | Reached skill level 1 in Unarmed Combat
  1460 | D:2      | Reached skill level 1 in Evocations
  1530 | D:2      | Found a radiant altar of Vehumet.
  1760 | D:2      | Identified the +5 hand axe of the Ghost {spect, rElec rN+
                  | SInv}
  1951 | D:2      | Reached XP level 4. HP: 32/32 MP: 7/11
  2196 | D:3      | Found a sparkling altar of Nemelex Xobeh.
  2495 | D:3      | Reached skill level 1 in Hexes
  2495 | D:3      | Reached skill level 1 in Summonings
  2495 | D:3      | Reached skill level 1 in Necromancy
  2495 | D:3      | Reached skill level 1 in Translocations
  2495 | D:3      | Reached skill level 1 in Transmutations
  2495 | D:3      | Reached skill level 1 in Fire Magic
  2495 | D:3      | Reached skill level 1 in Ice Magic
  2495 | D:3      | Reached skill level 1 in Earth Magic
  2495 | D:3      | Reached skill level 1 in Poison Magic
  3185 | D:4      | Reached XP level 5. HP: 32/37 MP: 1/12
  3343 | D:4      | Found a staircase to the Ecumenical Temple.
  3350 | Temple   | Entered the Ecumenical Temple
  3530 | D:4      | Found an iron altar of Okawaru.
  3697 | D:4      | Found a broken altar of Ashenzari.
  3785 | D:4      | Reached XP level 6. HP: 44/44 MP: 10/14
  3870 | D:4      | Found a stormy altar of Qazlal.
  3874 | D:4      | Became a worshipper of Qazlal Stormbringer
  3897 | D:5      | Entered Level 5 of the Dungeon
  3923 | D:5      | Reached skill level 5 in Dodging
  3924 | D:5      | Found a shimmering altar of Xom.
  3984 | D:5      | Identified the +5 ring mail "Vaesmy" {rN+ Int+3 Dex+4}
  3984 | D:5      | Noticed Edmund
  4002 | D:5      | Killed Edmund
  4003 | D:5      | Reached XP level 7. HP: 35/51 MP: 12/15
  4147 | D:5      | Noticed Menkaure
  4158 | D:5      | Killed Menkaure
  4159 | D:5      | Reached skill level 5 in Stealth
  4405 | D:5      | Found a sacrificial altar of Ru.
  4543 | D:5      | Noticed Grinder
  4543 | D:5      | Paralysed by Grinder for 3 turns
  4556 | D:5      | Killed Grinder
  4557 | D:5      | Reached XP level 8. HP: 38/58 MP: 10/16
  4750 | D:5      | Noticed Sigmund
  4755 | D:5      | Killed Sigmund
  4975 | D:5      | Found a white marble altar of Elyvilon.
  5314 | D:6      | Identified the +0 cloak "Pouts" {rElec rF+ rC+ Regen+}
  5421 | D:6      | Found Kuppila's General Store.
  5455 | D:6      | Bought a potion of curing for 36 gold pieces
  5455 | D:6      | Bought a scroll of identify for 24 gold pieces
  5531 | D:6      | Found a glowing silver altar of Zin.
  5739 | D:6      | Reached XP level 9. HP: 59/65 MP: 9/18
  5759 | D:6      | Noticed a two-headed ogre
  5895 | D:6      | Reached * piety under Qazlal
  5902 | D:6      | Learned a level 3 spell: Swiftness
  5907 | D:6      | Learned a level 4 spell: Airstrike
  6074 | D:6      | Killed a two-headed ogre
  6075 | D:6      | Reached skill level 5 in Staves
  6075 | D:6      | Reached skill level 5 in Invocations
  6590 | D:7      | Reached skill level 5 in Fighting
  6590 | D:7      | Reached skill level 5 in Short Blades
  6590 | D:7      | Reached skill level 5 in Long Blades
  6590 | D:7      | Reached skill level 5 in Axes
  6590 | D:7      | Reached skill level 5 in Maces & Flails
  6590 | D:7      | Reached skill level 5 in Polearms
  6590 | D:7      | Reached skill level 5 in Ranged Weapons
  6590 | D:7      | Reached skill level 5 in Throwing
  6590 | D:7      | Reached skill level 5 in Armour
  6590 | D:7      | Reached skill level 5 in Shields
  6590 | D:7      | Reached skill level 5 in Unarmed Combat
  6590 | D:7      | Reached skill level 5 in Evocations
  6640 | D:7      | Found a runed translucent door.
  6641 | D:7      | Noticed Crazy Yiuf
  6658 | D:7      | Killed Crazy Yiuf
  6659 | D:7      | Reached XP level 10. HP: 49/74 MP: 9/20
  6856 | D:7      | Noticed a cyclops
  6857 | D:7      | Noticed Pikel
  6888 | D:7      | Killed Pikel
  6890 | D:7      | Killed a cyclops
  6890 | D:7      | Reached ** piety under Qazlal
  6988 | D:7      | Identified the +5 flail of Action {vorpal, rC+ Str+3}
  7056 | D:7      | Found a radiant altar of Vehumet.
  7057 | D:7      | Found a burning altar of Makhleb.
  7165 | D:7      | Found a shimmering blue altar of Sif Muna.
  7260 | D:8      | Reached skill level 5 in Conjurations
  7275 | D:8      | Found a glowing golden altar of the Shining One.
  7493 | D:8      | Found an ancient bone altar of Kikubaaqudgha.
  7532 | D:8      | Found a staircase to the Lair.
  7532 | D:8      | Noticed a two-headed ogre
  7649 | D:8      | Noticed Grum
  7667 | D:8      | Slain by Grum

Illustrated notes

Levels and vault maps discovered:
D:1:      psy_arrival_whirlpool, layout_loops_ring
D:2:      layout_loops_ring, basic_altar, grunt_ministairs_8, moated_statue,
          nicolae_elevator_lobby_plus
D:3:      layout_rooms, mainiacjoe_overflow_small_starburst
D:4:      layout_gridville, okawaru_altar_gauntlet_db, ashenzari_altar_1,
          kennysheep_mini, minmay_temple_entry_fiery
D:5:      layout_basic, mainiacjoe_overflow_catwalk,
          nicolae_ru_great_annihilating_truth, kennysheep_mini_moat,
          chequers_garden, uniq_sigmund, uniq_menkaure, uniq_grinder,
          uniq_edmund
D:6:      layout_basic, old_standard_altar, serial_shops, shop,
          chequers_serial_rivers_micro_d, minmay_manual_macuahuitl
D:7:      layout_loops_ring, grunt_temple_overflow_lords_of_destruction,
          nicolae_overflow_hidden_temple, dreamdust_mushroom_princess,
          kennysheep_decorative_pillar, uniq_pikel, uniq_crazy_yiuf_cottage
D:8:      minmay_razor_zed, layout_rooms, tso_metal_star,
          mainiacjoe_overflow_concentric_impassable, minmay_lair_entry_grove,
          special_room [special_room_orc], serial_shops,
          nicolae_inconvenience_store, uniq_grum
Temple:   nicolae_temple_superstar

Skill      XL: |  1  2  3  4  5  6  7  8  9 10 |
---------------+-------------------------------+-----
Conjurations   | 2 3 4 5 |  5.3
Spellcasting   | 5 6 7 |  7.7
Invocations    | 1 2 3 4 5 6 |  6.3
Fighting       | 1 2 3 5 |  5.8
Short Blades   | 1 2 3 5 |  5.8
Long Blades    | 1 2 3 5 |  5.8
Axes           | 1 2 3 5 |  5.8
Maces & Flails | 1 2 3 5 |  5.8
Polearms       | 1 2 3 5 |  5.8
Staves         | 1 2 3 5 7 |  7.0
Ranged Weapons | 1 2 3 5 |  5.8
Throwing       | 1 2 3 5 |  5.8
Armour         | 1 2 3 5 |  5.8
Shields        | 1 2 3 5 |  5.8
Unarmed Combat | 1 2 3 5 |  5.8
Evocations     | 1 2 3 5 |  5.8
Hexes          | 1 2 3 4 |  4.8
Summonings     | 1 2 3 4 |  4.8
Necromancy     | 1 2 3 4 |  4.8
Translocations | 1 2 3 4 |  4.8
Transmutations | 1 2 3 4 |  4.8
Fire Magic     | 1 2 3 4 |  4.8
Ice Magic      | 1 2 3 4 |  4.8
Earth Magic    | 1 2 3 4 |  4.8
Poison Magic   | 1 2 3 4 |  4.8
Dodging        | 5 6 7 |  7.5
Stealth        | 5 6 7 |  7.2
Air Magic      | 6 7 |  7.3

Action                   |  1- 3 |  4- 6 |  7- 9 | 10-12 || total
-------------------------+-------+-------+-------+-------++-------
Melee: Dagger            |     9 |       |       |       ||     9
       Bite              |     1 |     5 |    12 |    14 ||    32
       Hand axe          |       |    23 |   133 |    76 ||   232
 Cast: Shock             |    85 |    78 |    84 |    57 ||   304
       Static Discharge  |       |     6 |     4 |     1 ||    11
  Use: Scroll            |       |     7 |     7 |     1 ||    15
       Potion            |       |       |       |     1 ||     1
 Stab: Distracted        |       |       |       |     2 ||     2
Armor: Robe              |     4 |     8 |       |       ||    12
       Leather armour    |       |     2 |    40 |    33 ||    75
Dodge: Dodged            |    17 |    19 |    91 |    69 ||   196
Block: Kite shield       |     9 |    14 |    75 |   105 ||   203

Table legend: (Time is in decaauts)
 A = Elapsed time spent in this place.
 B = Non-inter-level travel time spent in this place.
 C = Inter-level travel time spent in this place.
 D = Time resting spent in this place.
 E = Time spent auto-exploring this place.
 F = Levels seen in this place.
 G = Mean time per level.
                   A        B        C        D        E       F      G
               +--------+--------+--------+--------+--------+-----+--------+
         Total |   7724 |   7591 |    133 |     39 |   5912 |   9 |  858.2 |
       Dungeon |   7603 |   7470 |    133 |     39 |   5846 |   8 |  950.4 |
        Temple |    120 |    120 |      0 |      0 |     66 |   1 |  120.0 |
               +--------+--------+--------+--------+--------+-----+--------+

Top non-repeatable levels by time:
     D:5: 1323 daAuts
     D:1: 1261 daAuts
     D:6: 1089 daAuts
     D:7: 985 daAuts
     D:4: 908 daAuts
     D:2: 901 daAuts
     D:3: 710 daAuts
     D:8: 423 daAuts
  Temple: 120 daAuts
